AoeStats
← dadhu

Arabia

506882000Analyzed
1v1 RM · 16d ago on Sep 15, 2026· 52m 38s· 2 players
Game mode
Random Map
Map size
Tiny (2 player)
Population
200
Speed
Normal
Resources
Standard
Victory
Conquest
Starting age
Dark Age
Ending age
Imperial Age
RankedLock teamsTeams togetherTeam positionsShared explorationLock speedFull tech treeHidden civsTurbo modeCheats
Victory
Defeat
🇮🇳 Vikings · India
425
+14
🇳🇱 Britons · Netherlands
380
-18
Phoides
10:11 Feudal Age
9:12 Loom
11:54 Wheelbarrow
11:21 Double-Bit Axe
12:52 Horse Collar
21:15 Gold Mining
21:15 Stone Mining
28:18 Castle Age
26:24 Padded Archer Armor
28:23 Crossbowman
35:55 Sanctity
36:01 Leather Archer Armor
36:05 Town Watch
38:04 Fletching
39:07 Gold Shaft Mining
43:36 Imperial Age
41:55 Pikeman
42:36 Squires
43:08 Scale Mail Armor
43:07 Bodkin Arrow
48:40 Arbalester
50:01 Town Patrol
dadhu
1:19 Loom
12:01 Feudal Age
12:30 Town Watch
12:30 Horse Collar
15:58 Double-Bit Axe
16:06 Gold Mining
19:49 Man-at-Arms
23:48 Castle Age
21:54 Stone Mining
25:02 Town Patrol
27:39 Gambesons
29:55 Gold Shaft Mining
31:10 Pikeman
34:23 Treadmill Crane
34:22 Elite Skirmisher
35:15 Squires
40:19 Imperial Age
39:27 Ballistics
39:26 Fletching
39:42 Scale Barding Armor
39:49 Forging
39:41 Scale Mail Armor
39:42 Padded Archer Armor
41:06 Cavalier
42:59 Conscription
42:05 Long Swordsman
46:36 Two-Handed Swordsman
47:22 Chieftains
Connection lost

Rejoining the realm…

Still unreachable

The connection could not be restored.

Session expired

The server has moved on; the page needs a fresh start.